 Seeded DCSS version 0.31-a0-229-g1fc7ce93e2 (webtiles) character file.

Game seed: 705649268257728946 (custom seed)

44 innerfire43 the Poker (level 3, 0/29 HPs)
             Began as a Demonspawn Monk on July 6, 2023.
             Killed from afar by a dart slug (5 damage)
             ... with a slug dart
             ... on level 2 of the Dungeon.
             The game lasted 00:01:35 (899 turns).

innerfire43 the Poker (Demonspawn Monk)              Turns: 899, Time: 00:01:36

Health: 0/29       AC:  4    Str: 13    XL:     3   Next: 41%
Magic:  3/3        EV: 13    Int: 11    God:
Gold:   38         SH:  0    Dex: 18    Spells: 2/2 levels left

rFire   . . .        b - +2 shortbow "Quifau" {flame, rPois}
rCold   . . .        (shield currently unavailable)
rNeg    . . .        m - +0 robe
rPois   +            (no helmet)
rElec   .            (no cloak)
rCorr   .            n - +1 pair of gloves {Dex+3}
SInv    .            (no boots)
Will    .....        (no amulet)
Stlth   ++           (no ring)
HPRegen 0.24/turn    (no ring)
MPRegen 0.08/turn

%: no passive effects
@: no status effects
A: claws 1, foul stench 1
a: no special abilities


You were on level 2 of the Dungeon.
You visited 1 branch of the dungeon, and saw 2 of its levels.

You collected 38 gold pieces.

Inventory:

Hand Weapons
 a - a +0 spear
 b - the +2 shortbow "Quifau" (weapon) {flame, rPois}
   (You acquired it on level 2 of the Dungeon)

   rPois:     It protects you from poison.
Armour
 d - an orb of light
 m - a +0 robe (worn)
 n - a +1 pair of gloves of dexterity (worn)
Scrolls
 g - a scroll of blinking {unknown}
 i - a scroll of immolation {unknown}
 j - a scroll of teleportation {unknown}
 k - a scroll of fog {unknown}
 l - a scroll of identify {unknown}
Potions
 c - 3 potions of ambrosia
 e - 2 potions of mutation {unknown}
 f - a potion of berserk rage {unknown}
 h - a potion of resistance {unknown}


   Skills:
 - Level 3.0 Fighting
 * Level 4.1 Polearms
 - Level 2.6 Dodging


You had 2 spell levels left.
You didn't know any spells.
Your spell library was empty.

Dungeon Overview and Level Annotations

Branches:
Dungeon (2/15)

Altars:


Innate Abilities, Weirdness & Mutations

You have sharp fingernails.
You may rarely emit foul miasma when damaged in melee.


Message History

Terence misses you. The dart slug misses you. Terence hits you with a +0 mace.
* * * LOW HITPOINT WARNING * * *
Fire: b) +2 shortbow "Quifau" {flame, rPois}
Press: ? - help, Q - select action Shift-Dir - straight line, f/p - Terence
Aim: Terence, wielding a +0 mace, wearing a +0 scale mail and carrying a wand of flame (15) (almost dead, 68% to hit)
You shoot an arrow. The arrow hits Terence.
The arrow burns Terence.
You kill Terence!
The dart slug launches a dart at you. The slug dart misses you.
Your Polearms skill increases to level 4!
You have reached level 3!
Your experience leads to an increase in your attributes!
Your base attributes are Str 11, Int 11, Dex 15.
Increase (S)trength, (I)ntelligence, or (D)exterity?
You feel stronger. x2; Your demonic ancestry asserts itself...
You begin to emit a foul stench of rot and decay.
Fire: b) +2 shortbow "Quifau" {flame, rPois}
Press: ? - help, Q - select action Shift-Dir - straight line, f - dart slug
Aim: a dart slug (94% to hit)
You shoot an arrow. The arrow hits the dart slug.
The arrow burns the dart slug.
The dart slug is moderately wounded.
The dart slug misses you.
Fire: b) +2 shortbow "Quifau" {flame, rPois}
Press: ? - help, Q - select action Shift-Dir - straight line, f/p - dart slug
Aim: a dart slug (moderately wounded, 94% to hit)
You shoot an arrow. The arrow hits the dart slug.
The arrow burns the dart slug.
The dart slug is severely wounded.
The dart slug launches a dart at you. The slug dart misses you.
Fire: b) +2 shortbow "Quifau" {flame, rPois}
Press: ? - help, Q - select action Shift-Dir - straight line, f/p - dart slug
Aim: a dart slug (severely wounded, 94% to hit)
You shoot an arrow.
The arrow hits the dart slug but does no damage.
The dart slug is severely wounded.
The dart slug launches a dart at you. The slug dart hits you.
You die...

.........# .........#
#.......# #......>#
.....#.# ...#.#
##.#.###.# #.rw)....#
#.####@#######
#.............
.....####.########
... #........). .
#..######## #..#
#..##
..#######...#######.
............<........


You could see a dart slug and a rat.

Vanquished Creatures
  Terence (D:2)
  2 bats (D:1)
  An endoplasm (D:2)
  A goblin (D:1)
  5 hobgoblins
  A quokka (D:2)
  2 frilled lizards
  4 kobolds
  2 rats
19 creatures vanquished.

Notes
Turn   | Place    | Note
-------+----------+-------------------------------------------
     0 | D:1      | innerfire43 the Demonspawn Monk began the quest for the
                  | Orb.
     0 | D:1      | Reached XP level 1. HP: 18/18 MP: 1/1
   244 | D:1      | Reached skill level 3 in Polearms
   395 | D:1      | Gained mutation: You have sharp fingernails. [demonic
                  | ancestry]
   395 | D:1      | Reached XP level 2. HP: 24/24 MP: 2/2
   805 | D:2      | Identified a scroll of acquirement
   805 | D:2      | Acquired the +2 shortbow "Quifau" {flame, rPois}
   886 | D:2      | Noticed Terence
   896 | D:2      | Killed Terence
   897 | D:2      | Reached skill level 4 in Polearms
   897 | D:2      | Gained mutation: You may rarely emit foul miasma when
                  | damaged in melee. [demonic ancestry]
   897 | D:2      | Reached XP level 3. HP: 4/29 MP: 3/3
   899 | D:2      | Killed from afar by a dart slug

Illustrated notes

Levels and vault maps discovered:
D:1:      minmay_arrival_widening_spiral_narrow, layout_basic
D:2:      layout_basic, shapermc_ecumenical_altar_mp_highgroup, uniq_terence,
          uniq_sigmund

Skill      XL: |  1  2 |
---------------+-------+-----
Polearms       | 3 4 |  4.1
Fighting       | |  3.0
Dodging        | |  2.6

Action                     || total
---------------------------++-------
  Melee: Spear             ||    47
   Fire: Shortbow          ||    14
    Use: Scroll            ||     1
 Armour: Robe              ||     5
  Dodge: Dodged            ||    26

Table legend: (Time is in decaauts)
 A = Elapsed time spent in this place.
 B = Non-inter-level travel time spent in this place.
 C = Inter-level travel time spent in this place.
 D = Time resting spent in this place.
 E = Time spent auto-exploring this place.
 F = Levels seen in this place.
 G = Mean time per level.
                   A        B        C        D        E       F      G
               +--------+--------+--------+--------+--------+-----+--------+
         Total |    900 |    830 |     70 |      0 |    697 |   2 |  450.0 |
       Dungeon |    900 |    830 |     70 |      0 |    697 |   2 |  450.0 |
               +--------+--------+--------+--------+--------+-----+--------+

Top non-repeatable levels by time:
     D:1: 616 daAuts
     D:2: 284 daAuts
